 Dungeon Crawl Stone Soup version 0.30.1 (webtiles) character file.

Game seed: 15394661170931675699

37 monsoonserge the Chopper (level 3, 0/49 HPs)
             Began as a Minotaur Berserker on July 6, 2023.
             Was a Follower of Trog.
             Slain by an orc
             ... wielding a +0 hand axe
              (3 damage)
             ... on level 2 of the Dungeon.
             The game lasted 00:01:25 (751 turns).

monsoonserge the Chopper (Minotaur Berserker)        Turns: 751, Time: 00:01:25

Health: 0/49       AC:  5    Str: 23    XL:     3   Next: 23%
Magic:  2/2        EV: 11    Int:  4    God:    Trog [*.....]
Gold:   89         SH:  0    Dex:  9    Spells: 2/2 levels left

rFire   . . .        a - +0 hand axe
rCold   . . .        (no shield)
rNeg    . . .        e - +0 ring mail
rPois   .            (helmet restricted)
rElec   .            (no cloak)
rCorr   .            (no gloves)
SInv    .            (no boots)
Will    .....        (no amulet) Stlth
                     (no ring)
HPRegen 0.28/turn    (no ring)
MPRegen 0.08/turn

%: no passive effects
@: berserking, very quick
A: horns 2, retaliatory headbutt
a: Renounce Religion, Berserk


You were on level 2 of the Dungeon.
You worshipped Trog.
Trog was aware of your devotion.
You visited 1 branch of the dungeon, and saw 2 of its levels.

You collected 89 gold pieces.

Inventory:

Hand Weapons
 a - a +0 hand axe (weapon)
Missiles
 g - a throwing net (quivered)
Armour
 e - a +0 ring mail (worn)
Jewellery
 c - a ring of ice
Scrolls
 b - a scroll of enchant armour {unknown}
 d - 2 scrolls of identify {unknown}
Potions
 f - 2 potions of invisibility {unknown}


   Skills:
 + Level 4.2 Fighting
 + Level 4.4 Axes
 + Level 2.7 Armour
 + Level 2.4 Dodging


You had 2 spell levels left.
You didn't know any spells.
Your spell library was empty.

Dungeon Overview and Level Annotations

Branches:
Dungeon (2/15)

Altars:


Innate Abilities, Weirdness & Mutations

You have a pair of horns on your head.
You reflexively headbutt those who attack you in melee.


Message History

You barely miss the bat. The bat hits you but does no damage.
The bat closely misses you.
You hit the bat.
You kill the bat!
Trog accepts your kill.
You see here an adder corpse.
d - 2 scrolls labelled ZUPPEH WALO (gained 1)
An orc comes into view. It is wielding a +0 hand axe.
Found a roughly hewn altar of Beogh.
Found 2 sapphire potions.
An orc comes into view. It is wielding a +3 hand axe.
The orc shouts!
An orc comes into view. It is wielding a +0 flail.
The orc shouts!
The orc hits you with a +0 hand axe.
An orc comes into view. It is wielding a +0 club.
The orc shouts!
You hit the orc.
The orc is heavily wounded.
The orc hits you with a +0 hand axe.
You closely miss the orc.
The orc is heavily wounded.
The orc hits you with a +0 hand axe.
You closely miss the orc.
The orc is heavily wounded.
You closely miss the orc. The orc hits you but does no damage.
The orc hits you with a +3 hand axe.
* * * LOW HITPOINT WARNING * * *
Unknown command.
A red film seems to cover your vision as you go berserk!
You feel yourself moving faster!
You feel mighty! The orc hits you but does no damage.
The orc hits you with a +3 hand axe.
* * * LOW HITPOINT WARNING * * *
Unknown command.
You closely miss the orc. You headbutt the orc.
The orc is heavily wounded.
You barely miss the orc. The orc hits you with a +3 hand axe.
* * * LOW HITPOINT WARNING * * *
The orc hits you with a +0 hand axe.
You die...

##+## ##### #.....
...##......
#.#..#.......
#.#.........
#.#......#≈#.
##.#⌠.o...≈_≈. ##
#.....@..o#≈# #..
#......oo!....
...##.....#.......
..........†##......
....##....†.##.....
..........##.###+##
######.####..# #.
#...###### #
..##.#......##


You could see 4 orcs.

Vanquished Creatures
  A gnoll (D:1)
  An adder (D:2)
  A dart slug (D:1)
  2 bats (D:2)
  An endoplasm (D:1)
  A giant cockroach (D:2)
  2 hobgoblins
  2 quokkas
  3 ball pythons (D:1)
  3 frilled lizards (D:1)
  A kobold (D:1)
18 creatures vanquished.

Notes
Turn   | Place    | Note
-------+----------+-------------------------------------------
     0 | D:1      | monsoonserge the Minotaur Berserker began the quest for the
                  | Orb.
     0 | D:1      | Reached XP level 1. HP: 19/19 MP: 0/0
   382 | D:1      | Reached XP level 2. HP: 27/27 MP: 1/1
   681 | D:2      | Reached XP level 3. HP: 9/33 MP: 2/2
   751 | D:2      | Slain by an orc

Illustrated notes

Levels and vault maps discovered:
D:1:      doesnt_arrival_eight_statues, layout_loops_cross
D:2:      layout_rooms, hellmonk_ecumenical_altar_defaced_shrine, serial_shops,
          shop, uniq_robin

Skill      XL: |  1  2 |
---------------+-------+-----
Axes           | 4 |  4.4
Fighting       | 4 |  4.2
Armour         | |  2.7
Dodging        | |  2.4

Action                     || total
---------------------------++-------
  Melee: Hand axe          ||    47
         Headbutt          ||     6
 Invoke: Berserk           ||     1
 Armour: Animal skin       ||     1
         Ring mail         ||    14
  Dodge: Dodged            ||    22
